 Dungeon Crawl Stone Soup version 0.24.1-14-gf8d2b50 (webtiles) character file.

Game seed: 16104662697410665084, levelgen mode: deterministic

147 shmeve the Skirmisher (level 5, -1/47 HPs)
             Began as a Minotaur Fighter on June 14, 2020.
             Succumbed to an orc wizard's poison
             ... on level 3 of the Dungeon.
             The game lasted 00:02:57 (1516 turns).

shmeve the Skirmisher (Minotaur Fighter)            Turns: 1516, Time: 00:02:58

Health: -1/47      AC: 10    Str: 21    XL:     5   Next: 7%
Magic:  4/4        EV:  6    Int:  5    God:
Gold:   85         SH:  9    Dex: 10    Spells: 4/4 levels left

rFire    . . .     SeeInvis .   a - +0 war axe
rCold    . . .     Gourm    .   c - +0 shield
rNeg     . . .     Faith    .   e - +0 chain mail (curse)
rPois    .         Spirit   .   (helmet restricted)
rElec    .         Reflect  .   b - +0 cloak
rCorr    +         Harm     .   (no gloves)
MR       .....                  (no boots)
Stlth    ..........             (no amulet)
HPRegen  0.15/turn              n - ring of resist corrosion
MPRegen  0.09/turn              (no ring)

@: lethally poisoned (-1 -> -34)
A: retaliatory headbutt, horns 2
a: no special abilities


You were on level 3 of the Dungeon.
You were not hungry.

You visited 1 branch of the dungeon, and saw 3 of its levels.

You collected 85 gold pieces.

Inventory:

Hand Weapons
 a - a +0 war axe (weapon)
Armour
 b - a +0 cloak (worn)
 c - a +0 shield (worn)
 e - a cursed +0 chain mail (worn)
Jewellery
 n - a ring of resist corrosion (left hand)
Wands
 t - a wand of iceblast (9)
Scrolls
 h - 2 scrolls of enchant weapon {unknown}
 i - a scroll of blinking {unknown}
 j - a scroll of noise {unknown}
 m - a scroll of immolation {unknown}
 o - a scroll of random uselessness {unknown}
 p - 2 scrolls of remove curse {unknown}
 q - a scroll of identify {unknown}
 r - a scroll of teleportation {unknown}
Potions
 d - 3 potions of might
 k - a potion of haste {unknown}
 l - a potion of cancellation {unknown}
 s - a potion of magic {unknown}
Comestibles
 f - 7 rations
 g - a chunk of flesh


   Skills:
 * Level 4.5 Fighting
 * Level 3.6 Axes
 + Level 1.4 Throwing
 + Level 4.1 Armour
 + Level 1.2 Dodging
 * Level 4.5 Shields


You had 4 spell levels left.
You didn't know any spells.
Your spell library was empty.

Dungeon Overview and Level Annotations

Branches:
Dungeon (3/15)

Altars:


Innate Abilities, Weirdness & Mutations

You reflexively headbutt those who attack you in melee.
You have a pair of horns on your head.


Message History

You are more poisoned.
Your shield and chain mail prevent you from hitting the orc wizard.
Your headbutt misses the orc wizard.
The orc wizard is severely wounded.
* * * LOW HITPOINT WARNING * * *
You feel very sick. You block the orc wizard's attack.
The orc wizard gestures at you while chanting.
The magic dart hits you but does no damage.
You miss the orc wizard.
The orc wizard is severely wounded.
* * * LOW HITPOINT WARNING * * *
You feel very sick.
The orc wizard hits you but does no damage.
You are more poisoned.
You block the orc wizard's attack.
You closely miss the orc wizard. You headbutt the orc wizard.
You kill the orc wizard!
You have reached level 5!
You die...

########.. #.........
#......... ...
#......... ... ####
#......... .. ######..#
#.........
..##.......####)).......
. #..#####.#).).@.......
###(###....#†##.......>#
.......................#
..##..######.##.........
)##..## ...###...##.##
(...## #.### #.##.. ..
###### . ### ### #
#..... ..#


There were no monsters in sight!

Vanquished Creatures
  2 orc wizards (D:3)
  2 adders (D:2)
  A worm (D:2)
  3 dart slugs
  2 leopard geckos
  2 orcs (D:3)
  A ball python (D:2)
  2 giant cockroaches (D:2)
  8 goblins
  6 hobgoblins
  4 jackals (D:3)
  7 kobolds
  2 quokkas (D:2)
  6 bats
  3 frilled lizards
  4 rats (D:2)
55 creatures vanquished.

Notes
Turn   | Place    | Note
-------+----------+-------------------------------------------
     0 | D:1      | shmeve the Minotaur Fighter began the quest for the Orb.
     0 | D:1      | Reached XP level 1. HP: 19/19 MP: 0/0
   204 | D:1      | Reached XP level 2. HP: 27/27 MP: 1/1
   814 | D:2      | Reached XP level 3. HP: 33/33 MP: 2/2
   909 | D:2      | Reached skill level 1 in Throwing
  1152 | D:2      | Reached XP level 4. HP: 40/40 MP: 3/3
  1510 | D:3      | Reached skill level 1 in Dodging
  1515 | D:3      | HP: 2/41 [poisoned by an orc wizard]
  1516 | D:3      | Reached XP level 5. HP: 3/47 MP: 4/4
  1516 | D:3      | Succumbed to an orc wizard's poison

Levels and vault maps discovered:
D:1:      lightli_arrival_quake, layout_basic, minmay_statues_item,
          minmay_ruptured
D:2:      layout_rooms, hex_large, minmay_misc_feat_cross
D:3:      layout_rooms, chequers_ecumenical_altar_island, first_ration,
          uniq_crazy_yiuf_cottage, uniq_robin

Skill      XL: |  1  2  3  4 |
---------------+-------------+-----
Fighting       | 4 |  4.5
Shields        | 4 |  4.5
Axes           | 3 |  3.6
Throwing       | 1 |  1.4
Armour         | 4 |  4.1
Dodging        | 1 |  1.2

Action                   |  1- 3 |  4- 6 || total
-------------------------+-------+-------++-------
Melee: War axe           |    94 |    52 ||   146
       Headbutt          |     9 |     8 ||    17
  Eat: Chunk             |     1 |     1 ||     2
Armor: Chain mail        |    63 |    37 ||   100
Dodge: Dodged            |    21 |    13 ||    34
Block: Shield            |    57 |    33 ||    90
